 Dungeon Crawl Stone Soup version 0.21.0-3-g78d12a8 (webtiles) character file.

74495 wojtek the Severer (level 15, -31/204 HPs)
             Began as a Minotaur Fighter on Jan 14, 2018.
             Was the Champion of Makhleb.
             Killed from afar by a shadow dragon (44 damage)
             ... with a bolt of negative energy
             ... on level 13 of the Dungeon.
             The game lasted 00:49:27 (20792 turns).

wojtek the Severer (Minotaur Fighter)              Turns: 20792, Time: 00:49:27

Health: -31/204    AC: 26    Str: 30    XL:     15   Next: 7%
Magic:  23/23      EV: 11    Int:  5    God:    Makhleb [******]
Gold:   1814       SH:  3    Dex: 18    Spells: 14/14 levels left

rFire    + . .     SeeInvis .   J - +2 broad axe (flame)
rCold    + + .     Gourm    .   (no shield)
rNeg     . . .     Faith    .   X - +4 plate armour {rC+}
rPois    .         Spirit   .   Z - +1 hat
rElec    .         Reflect  +   B - +2 cloak {+Inv}
rCorr    .         Harm     .   t - +0 pair of gloves {Dex+3}
MR       +....                  Y - +2 pair of boots
Stlth    ..........             g - +3 amulet of reflection
HPRegen  0.44/turn              O - ring of protection from cold
MPRegen  0.18/turn              k - ring "Veixi" {rF+ Dex+3}

@: berserking, very heavily drained, very quick
A: retaliatory headbutt, horns 2
a: Minor Destruction, Lesser Servant of Makhleb, Major Destruction, Greater
Servant of Makhleb, Renounce Religion, Evoke Invisibility


You were on level 13 of the Dungeon.
You worshipped Makhleb.
Makhleb was exalted by your worship.
You were hungry.

You visited 3 branches of the dungeon, and saw 20 of its levels.
You also visited: Labyrinth and Volcano.

You collected 1914 gold pieces.
You spent 100 gold pieces at shops.

Inventory:

Hand Weapons
 b - a +0 battleaxe
 J - a +2 broad axe of flaming (weapon)
Missiles
 F - 2 throwing nets (quivered)
Armour
 c - a +0 shield
 p - a +7 plate armour of ponderousness
 t - a +0 pair of gloves of dexterity (worn)
 B - a +2 cloak of invisibility (worn)
 X - a +4 plate armour of cold resistance (worn)
 Y - a +2 pair of boots (worn)
 Z - a +1 hat (worn)
Jewellery
 e - an uncursed ring of positive energy
 g - a +3 amulet of reflection (around neck)
 k - the ring "Veixi" (right hand) {rF+ Dex+3}
   (You found it on level 6 of the Lair of Beasts)

   [ring of dexterity]

   It affects your dexterity (+3).
   It protects you from fire.
 A - an uncursed amulet of the gourmand {unknown}
 O - a ring of protection from cold (left hand)
 R - an uncursed amulet of guardian spirit {unknown}
 U - an uncursed ring of resist corrosion
Wands
 l - a wand of scattershot (13)
 y - a wand of enslavement (34)
 C - a wand of disintegration (29)
 D - a wand of paralysis (29)
 H - a wand of acid (24)
 K - a wand of clouds (12)
 N - a wand of iceblast (19)
 P - a wand of digging (52)
 Q - a wand of flame (46)
Scrolls
 a - a scroll of holy word {unknown}
 i - a scroll of acquirement {unknown}
 j - 11 scrolls of fog
 m - 4 scrolls of silence
 o - a scroll of amnesia
 q - 2 scrolls of immolation
 s - 9 scrolls of teleportation
 w - 3 scrolls of fear
 z - 3 scrolls of identify
 G - 2 scrolls of blinking {unknown}
 I - a scroll of brand weapon {unknown}
 T - 2 scrolls of magic mapping
 V - 13 scrolls of remove curse
Potions
 d - 4 potions of might
 h - a potion of invisibility
 n - a potion of mutation {unknown}
 r - 12 potions of curing
 u - 5 potions of resistance
 v - 3 potions of agility
 x - a potion of berserk rage
 E - 3 potions of flight
 L - 6 potions of haste
 M - 3 potions of ambrosia
 W - 3 potions of lignification
Comestibles
 f - 40 rations


   Skills:
 + Level 13.3(8.2) Fighting
 * Level 17.4(11.8) Axes
 + Level 13.3(8.1) Armour
 + Level 9.7(5.0) Dodging
 - Level 3.6(0.0) Shields
 * Level 13.3(8.1) Invocations


You had 14 spell levels left.
You didn't know any spells.

Dungeon Overview and Level Annotations

Branches:
Dungeon (13/15)            Temple (1/1) D:5            Lair (6/6) D:10
  Swamp (0/4) Lair:2       Spider (0/4) Lair:2        Slime (0/5) Lair:6
    Orc (0/2) D:12         Vaults (0/5) D:13

Altars:
Ashenzari
Cheibriados
Dithmenos
Elyvilon
Fedhas
Gozag
Hepliaklqana
Kikubaaqudgha
Makhleb
Nemelex Xobeh
Okawaru
Qazlal
Ru
Sif Muna
Trog
Uskayaw
Vehumet
Wu Jian
Xom
Yredelemnul
Zin
The Shining One

Shops:
D:6 *   D:8 (   D:11 (!   D:13 [

Annotations:
D:7 2 exclusions


Innate Abilities, Weirdness & Mutations

You reflexively headbutt those who attack you in melee.
You have a pair of horns on your head.


Message History

* * * LOW HITPOINT WARNING * * *
The shadow dragon claws you but does no damage.
An orc comes into view. It is wielding a club.
A red film seems to cover your vision as you go berserk!
You feel yourself moving faster!
You feel mighty!
The orc moves out of view.
The shadow dragon closely misses you. You furiously retaliate!
You headbutt the shadow dragon.
The shadow dragon claws you but does no damage. x2
An orc warrior comes into view. It is wielding a mace.
The orc warrior shouts!
You slice the shadow dragon!! You burn the shadow dragon!
Your headbutt misses the shadow dragon.
The shadow dragon is almost dead.
You hear a shout!
You slash the shadow dragon! You burn the shadow dragon.
You headbutt the shadow dragon.
The shadow dragon is almost dead.
The shadow dragon breathes negative energy at you.
The bolt of negative energy hits you!
You feel drained.
You die...

.............##.#.##.⌠.##....####
.##.###........[#.##...#...#.....
.#..).'.........#<##.#....#....##
.#.####.........###.....P.#..##..
.#...............##..#.(...##†)#
.#.###........o..##.......#..##..
.#.# #................#.##.(†..##
.#.###......####D##...###..†.##..
.#.#.......## #@###..# #.##... .
##.#)###########.# #...##. ##.#.#
#.#.##..........# #...### .# .
##.#.##.########## ##..# #.##
...)[......# ...# #..
..()(.#.##.##### #.. .#
...)[...##....[# #..#
........##.....# ...##
.......###.....# #..###


You could see a shadow dragon and an orc warrior.

Vanquished Creatures
  The ghost of loralnil the Protected, a journeyman MiFi of Yredelemnul (D:13)
  A fire dragon (shapeshifter) (D:13)
  A minotaur (Lab)
  A hydra (Lair:4)
  An ice dragon (Lair:4)
  4 centaur warriors
  The ghost of Amon001 the Archer, a journeyman GnHu of Okawaru (D:10)
  A queen ant (Lair:3)
  8 two-headed ogres
  3 death yaks (Lair:5)
  Nergalle (D:10)
  2 unseen horrors
  A deep troll (shapeshifter) (D:13)
  2 swamp dragons
  A phantasmal warrior (D:13)
  An orc knight (D:13)
  3 cyclopes
  2 ugly things
  Maurice (D:12)
  3 centaur zombies
  A gargoyle (D:11)
  4 black mambas
  An ice statue (Lair:4)
  14 spiny frogs
  3 rime drakes
  7 komodo dragons
  An ice devil (Lair:4)
  3 yaktaurs
  The ghost of hilaritas the Magician, a novice DEIE of Uskayaw (D:5)
  13 polar bears
  A queen bee (D:13)
  4 trolls
  2 meliai (D:13)
  Grinder (D:5)
  3 raiju (Lair:6)
  The ghost of komo4ek the Caller, an amateur HuSu (D:4)
  A meliai zombie (D:10)
  11 blink frogs
  9 dream sheep (Lair:6)
  7 hippogriffs
  4 slime creatures (Lair:6)
  2 shadows
  3 redbacks (Lab)
  A spriggan (D:8)
  3 fire bats (Lair:2)
  Grum (D:8)
  16 humans (D:13)
  A vampire (D:12)
  4 basilisks
  Sigmund (D:6)
  2 wraiths
  33 yaks
  9 hungry ghosts
  3 steam dragons (Lair:6)
  8 vampire mosquitoes
  6 wargs (Lair:6)
  9 water moccasins
  6 soldier ants (Lair:3)
  2 acid dragons
  Duvessa (D:5)
  7 porcupines
  12 hell hounds (Lair:6)
  7 ice beasts
  7 orc warriors
  3 swamp drakes (Lair:6)
  4 sky beasts
  12 black bears
  2 eyes of draining (D:10)
  4 ogres
  28 wolves
  2 phantoms
  7 centaurs
  11 crocodiles
  3 big kobolds
  17 bullfrogs
  Blork the orc (D:5)
  A wyvern zombie (D:10)
  A wyvern skeleton (D:13)
  6 scorpions
  Dowan (D:5)
  A water moccasin skeleton (D:9)
  38 killer bees
  2 howler monkeys
  19 wights
  10 crimson imps
  2 bullfrog zombies
  3 hounds
  3 jellies
  A quasit (D:11)
  Crazy Yiuf (D:6)
  A bullfrog skeleton (D:12)
  4 orc priests
  2 centaur skeletons
  5 iguanas
  15 orc wizards
  35 worker ants
  A killer bee zombie (D:9)
  A hound zombie (D:8)
  3 worker ant zombies
  14 adders
  3 shadow imps
  6 white imps (Lair:4)
  2 oozes
  4 worms
  3 dart slugs
  4 leopard geckos
  31 orcs
  5 bats
  4 giant cockroaches
  6 goblins
  7 hobgoblins
  16 jackals
  4 quokkas
  2 ball pythons
  2 frilled lizards
  22 kobolds
  A quokka skeleton (D:9)
  A quokka zombie (D:7)
  5 rats
  A fungus (Lair:6)
  6 plants
674 creatures vanquished.

Vanquished Creatures (collateral kills)
  A red draconian (Volcano)
  A fire dragon (Lair:6)
  A plant (Lair:6)
3 creatures vanquished.

Vanquished Creatures (others)
  An unseen horror (D:10)
  A yaktaur (Volcano)
  2 basilisks (Lair:6)
  A centaur (Volcano)
  An iguana (Lair:2)
  A worker ant (D:8)
  An orc (D:13)
  A quokka (D:7)
  A bush (Lair:6)
  13 fungi
  15 plants
38 creatures vanquished.

Grand Total: 715 creatures vanquished

Notes
Turn   | Place    | Note
-------+----------+-------------------------------------------
     0 | D:1      | wojtek the Minotaur Fighter began the quest for the Orb.
     0 | D:1      | Reached XP level 1. HP: 19/19 MP: 0/0
   204 | D:1      | Reached XP level 2. HP: 23/27 MP: 1/1
   249 | D:1      | Reached skill level 3 in Axes
  1063 | D:2      | Reached XP level 3. HP: 30/33 MP: 2/2
  1647 | D:3      | Noticed an ice beast
  1654 | D:3      | Reached skill level 4 in Axes
  1654 | D:3      | Reached XP level 4. HP: 16/41 MP: 3/3
  2033 | D:3      | Killed an ice beast
  2033 | D:3      | Reached skill level 5 in Axes
  2033 | D:3      | Reached XP level 5. HP: 18/47 MP: 4/4
  2247 | D:3      | Noticed a hungry ghost
  2254 | D:3      | Killed a hungry ghost
  2254 | D:3      | Reached skill level 5 in Fighting
  2254 | D:3      | Reached skill level 5 in Armour
  2254 | D:3      | Reached XP level 6. HP: 55/56 MP: 5/5
  2515 | D:3      | Reached skill level 6 in Axes
  3188 | D:4      | Noticed komo4ek's ghost (amateur HuSu)
  3243 | D:4      | Killed komo4ek's ghost
  3243 | D:4      | Reached XP level 7. HP: 57/62 MP: 6/6
  3504 | D:4      | Reached skill level 7 in Axes
  3682 | D:5      | Entered Level 5 of the Dungeon
  3686 | D:5      | Noticed Dowan
  3688 | D:5      | Noticed Duvessa
  3691 | D:5      | Killed Dowan
  3700 | D:5      | Killed Duvessa
  3930 | D:5      | Noticed hilaritas's ghost (novice DEIE)
  3971 | D:5      | Killed hilaritas's ghost
  3971 | D:5      | Reached skill level 8 in Axes
  3971 | D:5      | Reached XP level 8. HP: 43/71 MP: 7/7
  4181 | D:5      | Noticed Blork the orc
  4188 | D:5      | Killed Blork the orc
  4219 | D:5      | Reached skill level 9 in Axes
  4330 | D:5      | Noticed Grinder
  4372 | D:5      | Killed Grinder
  4383 | D:5      | Found a staircase to the Ecumenical Temple.
  4464 | Temple   | Entered the Ecumenical Temple
  4623 | Temple   | Became a worshipper of Makhleb the Destroyer
  4798 | D:5      | Got a distressingly furry leather armour
  4889 | D:6      | Reached skill level 1 in Invocations
  4972 | D:6      | Found a runed door.
  5129 | D:6      | Reached skill level 10 in Axes
  5129 | D:6      | Reached XP level 9. HP: 67/80 MP: 9/9
  5150 | D:6      | Found Busuf's General Store.
  5162 | D:6      | Bought a scroll of teleportation for 30 gold pieces
  5162 | D:6      | Bought a scroll of magic mapping for 35 gold pieces
  5162 | D:6      | Bought a scroll of fear for 35 gold pieces
  5196 | D:6      | Found an ornate altar of the Wu Jian Council.
  5352 | D:6      | Noticed Sigmund
  5380 | D:6      | Killed Sigmund
  5580 | D:6      | Noticed Crazy Yiuf
  5593 | D:6      | Killed Crazy Yiuf
  5886 | D:7      | Reached * piety under Makhleb
  6387 | D:7      | Found a bloodstained altar of Trog.
  6695 | D:8      | Reached skill level 11 in Axes
  6783 | D:8      | Found Qaorino's Antique Weapon Shoppe.
  6879 | D:8      | Reached skill level 5 in Invocations
  6888 | D:8      | Reached XP level 10. HP: 73/90 MP: 12/12
  6902 | D:8      | Reached ** piety under Makhleb
  6913 | D:8      | Noticed Grum
  6925 | D:8      | Killed Grum
  7334 | D:9      | Reached skill level 1 in Dodging
  7352 | D:9      | Noticed a cyclops
  7360 | D:9      | Killed a cyclops
  7360 | D:9      | Reached skill level 12 in Axes
  7505 | D:9      | Reached *** piety under Makhleb
  7578 | D:9      | Noticed a two-headed ogre
  7584 | D:9      | Killed a two-headed ogre
  7584 | D:9      | Reached XP level 11. HP: 99/99 MP: 15/15
  7613 | D:9      | Noticed a two-headed ogre
  7623 | D:9      | Killed a two-headed ogre
  8100 | D:10     | Entered Level 10 of the Dungeon
  8121 | D:10     | Reached skill level 10 in Fighting
  8196 | D:10     | Killed an unseen horror
  8196 | D:10     | Reached skill level 10 in Armour
  8199 | D:10     | Reached skill level 13 in Axes
  8332 | D:10     | Found a staircase to the Lair.
  8355 | D:10     | Noticed Amon001's ghost (journeyman GnHu)
  8375 | D:10     | Noticed a two-headed ogre
  8382 | D:10     | Killed Amon001's ghost
  8720 | D:9      | Killed a two-headed ogre
  8949 | D:10     | Noticed Nergalle
  8969 | D:10     | Killed Nergalle
  8969 | D:10     | Reached **** piety under Makhleb
  9025 | D:10     | Noticed a two-headed ogre
  9033 | D:10     | Killed a two-headed ogre
  9033 | D:10     | Reached skill level 5 in Dodging
  9213 | D:10     | Killed an unseen horror
  9222 | D:10     | Reached XP level 12. HP: 99/108 MP: 14/17
  9320 | Lair:1   | Entered Level 1 of the Lair of Beasts
  9946 | Lair:1   | Reached skill level 14 in Axes
 10102 | Lair:2   | Found a staircase to the Swamp.
 10213 | Lair:2   | Found a dark tunnel.
 10295 | Volcano  | Entered a volcano
 10337 | Volcano  | Noticed a centaur warrior
 10340 | Volcano  | Found a burning altar of Makhleb.
 10352 | Volcano  | Killed a centaur warrior
 10353 | Volcano  | Noticed a red draconian
 10371 | Volcano  | Killed a red draconian
 11348 | Lair:2   | Reached skill level 10 in Invocations
 11532 | Lair:2   | Found a hole to the Spider Nest.
 12112 | Lair:3   | Got a fine hunting sling
 12310 | Lair:3   | Noticed a queen ant
 12321 | Lair:3   | Killed a queen ant
 12338 | Lair:3   | Reached ***** piety under Makhleb
 12360 | Lair:3   | Reached skill level 15 in Axes
 12480 | Lair:3   | Reached XP level 13. HP: 108/116 MP: 19/19
 12958 | Lair:4   | Got a blackened falchion
 13656 | Lair:4   | Found an iron altar of Okawaru.
 14993 | Lair:1   | Identified the +1 leather armour of Otuoreolo {rN+} (You took it off an orc on level 5 of the Dungeon)
 15364 | Lair:6   | Entered Level 6 of the Lair of Beasts
 15459 | Lair:6   | Found a labyrinth entrance.
 15471 | Lab      | Entered a labyrinth
 16064 | Lab      | Noticed a minotaur
 16078 | Lab      | Killed a minotaur
 16078 | Lab      | Reached skill level 16 in Axes
 16770 | Lair:6   | Noticed a fire dragon
 16776 | Lair:6   | Killed a fire dragon
 17306 | Lair:6   | Found a staircase to the Slime Pits.
 17353 | Lair:6   | Reached XP level 14. HP: 127/127 MP: 20/22
 17636 | Lair:6   | Got a wavering golden ring
 17637 | Lair:6   | Identified the ring "Veixi" {rF+ Dex+3} (You found it on level 6 of the Lair of Beasts)
 17670 | Lair:6   | Reached ****** piety under Makhleb
 18579 | D:11     | Found Mugaso's Distillery.
 18594 | D:11     | Found Quus's Weapon Shop.
 18911 | D:12     | Noticed Maurice
 18924 | D:12     | Killed Maurice
 19247 | D:12     | Found a staircase to the Orcish Mines.
 19374 | D:13     | Reached skill level 17 in Axes
 19534 | D:13     | Found a gate to the Vaults.
 19577 | D:13     | Noticed loralnil's ghost (journeyman MiFi)
 19659 | D:13     | Killed loralnil's ghost
 19706 | D:13     | HP: 5/129 [spark wasp (shapeshifter) (15)]
 20173 | D:13     | Reached XP level 15. HP: 136/136 MP: 23/23
 20184 | D:13     | Noticed a shadow dragon
 20443 | D:13     | Found Qatusu Qeogg's Antique Armour Emporium.
 20656 | D:13     | Found a blossoming altar of Fedhas.
 20788 | D:13     | HP: 3/136 [shadow dragon/bolt of negative energy (24)]
 20792 | D:13     | Killed from afar by a shadow dragon

Skill      XL: |  1  2  3  4  5  6  7  8  9 10 11 12 13 14 |
---------------+-------------------------------------------+-----
Axes           | 3 4 5 6 8 10 11 12 13 15 16 17 | 17.4
Fighting       | 4 5 6 7 8 9 10 11 12 13 | 13.3
Armour         | 4 5 6 7 8 9 10 11 12 13 | 13.3
Invocations    | 2 5 7 9 10 12 13 | 13.3
Dodging        | 3 5 6 8 9 |  9.7
Shields        | |  3.6

Action                   |  1- 3 |  4- 6 |  7- 9 | 10-12 | 13-15 || total
-------------------------+-------+-------+-------+-------+-------++-------
Melee: War axe           |    75 |       |       |       |       ||    75
       Headbutt          |    14 |     9 |    56 |   108 |   223 ||   410
       Battleaxe         |    11 |    86 |   211 |       |       ||   308
       Broad axe         |       |       |    53 |   535 |   880 ||  1468
Invok: Lesser Servant of |       |       |       |     3 |     4 ||     7
       Minor Destruction |       |       |       |       |     9 ||     9
       Major Destruction |       |       |       |       |     8 ||     8
       Greater Servant o |       |       |       |       |     2 ||     2
 Abil: Evoke Invisibilit |       |       |       |     1 |       ||     1
  Use: Scroll            |       |       |       |    11 |    13 ||    24
       Potion            |       |       |       |     2 |     7 ||     9
  Eat: Chunk             |     2 |     5 |    13 |    12 |    19 ||    51
       Ration            |       |     1 |       |     2 |     4 ||     7
Armor: Scale mail        |    39 |    27 |       |       |       ||    66
       Chain mail        |       |    23 |   149 |       |       ||   172
       Plate armour      |       |       |    32 |   312 |   566 ||   910
Dodge: Dodged            |    22 |    42 |    83 |   150 |   499 ||   796
Block: Shield            |    40 |       |    52 |   273 |       ||   365
       Other             |       |     5 |    20 |     9 |    77 ||   111
       Reflection        |       |       |    13 |    24 |     3 ||    40
